 Dungeon Crawl Stone Soup version 0.31-a0-145-g046c7d2549 (webtiles) character file.

Game seed: 9300046180019393959

43 Esekla the Sneak (level 3, -4/26 HPs)
             Began as an Octopode Delver on June 5, 2023.
             Slain by a water moccasin (5 damage)
             ... on level 5 of the Dungeon.
             The game lasted 00:02:27 (150 turns).

Esekla the Sneak (Octopode Delver)                   Turns: 150, Time: 00:02:28

Health: -4/26      AC:  1    Str: 11    XL:     3   Next: 58%
Magic:  4/4        EV: 13    Int: 14    God:
Gold:   18         SH:  0    Dex: 13    Spells: 3/3 levels left

rFire   . . .        a - +0 falchion
rCold   . . .        (no shield)
rNeg    . . .        (helmet restricted)
rPois   .            (no amulet)
rElec   .            (no ring)
rCorr   .            (no ring)
SInv    .            (no ring)
Will    .....        (no ring)
Stlth   ++++         (no ring)
HPRegen 0.24/turn    (no ring)
MPRegen 0.09/turn    (no ring)
                     (no ring)

%: no passive effects
@: lethally poisoned (-4 -> -13)
A: almost no armour, amphibious, 8 rings, camouflage 1, gelatinous body 1,
(nimble swimmer 1), tentacles
a: no special abilities


You were on level 5 of the Dungeon.
You visited 1 branch of the dungeon, and saw 1 of its levels.

You collected 18 gold pieces.

Inventory:

Hand Weapons
 a - a +0 falchion (weapon)
 c - a +0 dagger
Wands
 f - a wand of digging (3)
Scrolls
 b - a scroll of fog
 g - a scroll of torment {unknown}
Potions
 e - a potion of haste


   Skills:
 * Level 3.3 Fighting
 * Level 2.3 Long Blades
 * Level 2.2 Dodging
 + Level 7.3 Stealth
 * Level 0.7 Spellcasting


You had 3 spell levels left.
You didn't know any spells.
Your spell library was empty.

Dungeon Overview and Level Annotations

Branches:
Dungeon (5/15)
 Temple: D:4-7

Altars:
Hepliaklqana

Shops:
D:5 :


Innate Abilities, Weirdness & Mutations

You cannot wear most types of armour.
You are amphibious.
You can wear up to eight rings at the same time.
Your skin changes colour to match your surroundings (Stealth+).
Your rubbery body absorbs attacks. (AC +1, EV +1)
((You are camouflaged when in or above water. (Stealth+)))
You have tentacles for arms and can constrict up to eight enemies at once.


Message History

You assume a fearsome visage.
The water moccasin looks frightened!
There is a fountain of clear blue water here.
You enter the deep water.
The helpless adder fails to defend itself.
You impale the adder!!
You kill the adder!
a - a +0 falchion (weapon)
You don't know any spells.
You miss the water moccasin. Your grab misses the water moccasin.
The water moccasin closely misses you.
You hit the water moccasin. Your grab misses the water moccasin.
The water moccasin is lightly wounded.
The water moccasin bites you.
You are poisoned.
The water moccasin poisons you!
The water moccasin bites you but does no damage.
You barely miss the water moccasin. Your grab misses the water moccasin.
The water moccasin is lightly wounded.
You feel very sick. The water moccasin bites you.
The water moccasin barely misses you.
You miss the water moccasin. You grab the water moccasin.
Your squeeze misses the water moccasin.
The water moccasin is lightly wounded.
You constrict the water moccasin.
You feel sick. The water moccasin bites you.
You hit the water moccasin.
The water moccasin is moderately wounded.
You constrict the water moccasin.
You feel sick. The water moccasin bites you.
* * * LOW HITPOINT WARNING * * *
The water moccasin bites you.
* * * LOW HITPOINT WARNING * * *
You are lethally poisoned!
The water moccasin poisons you!
Okay, then.
You hit the water moccasin. You squeeze the water moccasin.
The water moccasin is severely wounded.
You constrict the water moccasin, but do no damage.
* * * LOW HITPOINT WARNING * * *
You feel very sick. The water moccasin bites you.
You die...

..#### *##....#**** *,**,** ..##
###....## *,**,,, ...## #....#,.#
*,,,,,, ....#######.#..#*.#
*****,, ....#.......#..#*.# *,,
......#######..##.# **,, ....###
#...#.# **,,* ....######
##.#S#.### **,,,,
.........###....@(..# *****,,,,,
..............#.##### *,,,,,,,,,
.....###.....##.### *,,,,,,,,,
....####.##.......############*,,
.........###.##.......##~~~~~##,,
....###### #..####....#.......#,,
...## ##.####....')...._.#,, ..##
#>##......#.......#,, ###
#†##.####.##~≈~~~##,,


You could see a water moccasin.

Vanquished Creatures
  A hound (D:5)
  An adder (D:5)
  A goblin (D:5)
  A spectral goblin (D:5)
4 creatures vanquished.

Notes
Turn   | Place    | Note
-------+----------+-------------------------------------------
     0 | D:5      | Esekla the Octopode Delver began the quest for the Orb.
     0 | D:5      | Reached XP level 1. HP: 16/16 MP: 1/1
    20 | D:5      | Found a hazy altar of Hepliaklqana.
    54 | D:5      | Noticed a hound
    66 | D:5      | Killed a hound
    67 | D:5      | Reached skill level 7 in Stealth
    67 | D:5      | Reached XP level 2. HP: 18/21 MP: 2/2
    67 | D:5      | Reached XP level 3. HP: 22/26 MP: 3/3
   104 | D:5      | Found Feynifes's Self-Improvement Boutique.
   110 | D:5      | Noticed a water moccasin
   150 | D:5      | HP: 1/26 [poisoned by a water moccasin]
   150 | D:5      | Slain by a water moccasin

Illustrated notes

Levels and vault maps discovered:
D:5:      layout_rooms, lemuel_blue_sif_altar,
          nicolae_hepliaklqana_monster_ancestors, nicolae_shop_self_help

Skill      XL: |  1 |
---------------+----+-----
Stealth        | 7 |  7.3
Fighting       | |  3.3
Long Blades    | |  2.3
Dodging        | |  2.2
Spellcasting   | |  0.7

Action                     || total
---------------------------++-------
  Melee: Falchion          ||    11
         Tentacles         ||     4
         Constrict         ||     2
         Dagger            ||     1
    Use: Scroll            ||     2
   Stab: Sleeping          ||     1
 Armour: Skin              ||     1
  Dodge: Dodged            ||     5

Table legend: (Time is in decaauts)
 A = Elapsed time spent in this place.
 B = Non-inter-level travel time spent in this place.
 C = Inter-level travel time spent in this place.
 D = Time resting spent in this place.
 E = Time spent auto-exploring this place.
 F = Levels seen in this place.
 G = Mean time per level.
                   A        B        C        D        E       F      G
               +--------+--------+--------+--------+--------+-----+--------+
         Total |    150 |    150 |      0 |      3 |      0 |   1 |  150.0 |
       Dungeon |    150 |    150 |      0 |      3 |      0 |   1 |  150.0 |
               +--------+--------+--------+--------+--------+-----+--------+

Top non-repeatable levels by time:
     D:5: 150 daAuts
